 Dungeon Crawl Stone Soup version 0.30-a0-600-gb7c8574cbb (webtiles) character file.

Game seed: 2108112034855574069

1112 BlackLaughter the Cudgeller (level 8, -4/51 HPs)
             Began as a Gargoyle Berserker on Jan 7, 2023.
             Was a Believer of Trog.
             Slain by Duvessa
             ... wielding a +0 short sword
              (15 damage)
             ... on level 7 of the Dungeon.
             The game lasted 00:21:13 (5065 turns).

BlackLaughter the Cudgeller (Gargoyle Berserker)    Turns: 5065, Time: 00:21:13

Health: -4/51      AC: 15    Str: 27    XL:     8   Next: 33%
Magic:  8/8        EV: 10    Int:  8    God:    Trog [**....]
Gold:   128        SH:  0    Dex: 11    Spells: 7/7 levels left

rFire   + + .      SeeInvis .    h - +0 flail
rCold   x . .      Faith    .    (no shield)
rNeg    + . .      Spirit   .    m - +0 fire dragon scales
rPois   ∞          Reflect  .    (no helmet)
rElec   +          Harm     .    (no cloak)
rCorr   .          Rampage  .    (no gloves)
Will    ++...                    (no boots) Stlth
                                 t - amulet of magic regeneration
HPRegen 1.28/turn                D - ring of flight
MPRegen 0.51/turn                y - +6 ring of strength

@: strong-willed, on berserk cooldown, flying, regenerating, slowed, very slow
A: sickness immunity, AC +5, negative energy resistance 1, electricity
resistance, torment resistance 1, petrification resistance
a: Renounce Religion, Berserk, Trog's Hand


You were on level 7 of the Dungeon.
You worshipped Trog.
Trog was pleased with you.
You visited 1 branch of the dungeon, and saw 7 of its levels.
You also visited: Sewer.

You collected 336 gold pieces.
You spent 208 gold pieces at shops.

Inventory:

Hand Weapons
 a - a +1 mace
 h - a +0 flail (weapon)
Missiles
 f - a throwing net (quivered)
Armour
 b - a +0 animal skin
 e - a +1 leather armour
 k - a +0 chain mail
 m - +0 fire dragon scales (worn)
Jewellery
 n - an amulet of faith
 r - a ring of fire
 t - an amulet of magic regeneration (around neck)
 v - a ring of magical power
 y - a +6 ring of strength (right hand)
 D - a ring of flight (left hand)
Wands
 u - a wand of flame (27)
Scrolls
 c - 2 scrolls of teleportation
 d - 4 scrolls of enchant weapon
 g - a scroll of identify
 w - 2 scrolls of poison
 z - a scroll of noise
 B - a scroll of vulnerability
 C - 2 scrolls of magic mapping
Potions
 i - 2 potions of flight
 j - 3 potions of brilliance
 l - 2 potions of attraction
 o - 4 potions of degeneration
 p - 3 potions of cancellation
 q - 3 potions of heal wounds
 s - 3 potions of might
 x - 2 potions of curing
 A - a potion of magic


   Skills:
 + Level 6.1 Fighting
 + Level 7.2 Maces & Flails
 + Level 5.3 Armour
 + Level 2.4 Dodging
 + Level 0.8 Stealth


You had 7 spell levels left.
You didn't know any spells.
Your spell library contained the following spells:

 Spells                   Type           Power      Damage    Failure   Level
 Inner Flame              Hex/Fire       0%         N/A       97%         3
 Flame Wave               Conj/Fire      0%         2d4       100%        4
 Sticky Flame             Conj/Fire      0%         2d3       100%        4


Dungeon Overview and Level Annotations

Branches:
Dungeon (7/15)             Temple (0/1) D:5           Sewer (visited)

Altars:
Ashenzari
Hepliaklqana
Makhleb
Qazlal
Uskayaw

Shops:
D:3 :   D:6 *

Annotations:
D:7 Duvessa


Innate Abilities, Weirdness & Mutations

You are immune to sickness and miasma.
Your stone body is resilient. (AC +5)
You are immune to poison.
You resist negative energy. (rN+)
You are resistant to electric shocks. (rElec)
You are resistant to unholy torment.
You are immune to petrification.


Message History

Trog accepts your kill.
Trog appreciates your killing of a magic user.
You hear a distant scream of rage.
Duvessa, Sister of Dowan comes into view.
She is wielding a +0 short sword.
Okay, then.
Duvessa shouts!
Duvessa goes berserk!
Duvessa hits you with a +0 short sword.
Things that are here:
a +0 dagger; a +0 robe; 14 gold pieces You sock Duvessa!
Duvessa is lightly wounded.
Duvessa hits you with a +0 short sword. Duvessa closely misses you.
Duvessa hits you with a +0 short sword.
You thump Duvessa!
Duvessa is heavily wounded.
Duvessa hits you with a +0 short sword! x2
You hit Duvessa.
Duvessa is heavily wounded.
Duvessa barely misses you. Duvessa hits you with a +0 short sword.
Duvessa hits you but does no damage.
You barely miss Duvessa.
Duvessa is heavily wounded.
Duvessa hits you with a +0 short sword!
* * * LOW HITPOINT WARNING * * *
Duvessa completely misses you.
Your skin crawls.
You feel strong-willed. Duvessa closely misses you.
Duvessa hits you but does no damage.
You don't know any spells.
You completely miss Duvessa.
Duvessa is heavily wounded.
Duvessa hits you with a +0 short sword!
* * * LOW HITPOINT WARNING * * *
Duvessa completely misses you.
You feel better. Duvessa hits you with a +0 short sword!
* * * LOW HITPOINT WARNING * * *
Duvessa hits you but does no damage. Duvessa hits you with a +0 short sword.
* * * LOW HITPOINT WARNING * * *
You feel better. Duvessa hits you with a +0 short sword!
You die...

##############
.............#
####...####.#
#.#.# #<# #
#.# ### #@#
#....e........
#.##.#.#######
#.#.# # #.#
..# ###


You could see Duvessa (berserk).

Vanquished Creatures
  Sigmund (D:6)
  An ogre (D:5)
  2 phantoms (D:5)
  A scorpion (D:5)
  Dowan (D:7)
  A howler monkey (D:5)
  A jelly (D:6)
  4 hounds
  2 iguanas
  3 orc wizards
  6 gnolls
  8 adders
  3 river rats
  A shadow imp (D:5)
  A worm (D:6)
  4 dart slugs
  12 orcs
  4 endoplasms
  2 giant cockroaches
  13 goblins
  11 hobgoblins
  5 jackals
  4 kobolds
  5 quokkas
  14 ball pythons
  3 bats
  7 frilled lizards
  14 rats
134 creatures vanquished.

Notes
Turn   | Place    | Note
-------+----------+-------------------------------------------
     0 | D:1      | BlackLaughter the Gargoyle Berserker began the quest for
                  | the Orb.
     0 | D:1      | Reached XP level 1. HP: 14/14 MP: 1/1
   279 | D:1      | Reached XP level 2. HP: 19/19 MP: 2/2
   458 | D:1      | Reached XP level 3. HP: 19/24 MP: 3/3
   787 | D:2      | Reached ** piety under Trog
   788 | D:2      | Reached XP level 4. HP: 30/30 MP: 4/4
  1195 | D:2      | Found a broken altar of Ashenzari.
  1319 | D:2      | You fall into a shaft and drop 1 floor!
  1482 | D:3      | Reached skill level 5 in Fighting
  1482 | D:3      | Reached skill level 4 in Maces & Flails
  1482 | D:3      | Reached XP level 5. HP: 30/35 MP: 5/5
  1585 | D:3      | Found Biran's Vocational Training.
  1710 | D:3      | Noticed a +0 hand axe
  1710 | D:3      | Noticed a +0 hand axe
  1711 | D:3      | Found a hide-covered altar of Uskayaw.
  2161 | D:4      | Found a hazy altar of Hepliaklqana.
  2284 | D:4      | Found a burning altar of Makhleb.
  2297 | D:4      | Reached XP level 6. HP: 36/40 MP: 6/6
  2602 | D:5      | Entered Level 5 of the Dungeon
  2698 | D:5      | Reached skill level 5 in Maces & Flails
  2875 | D:5      | Reached XP level 7. HP: 37/44 MP: 7/7
  3146 | D:5      | Found a staircase to the Ecumenical Temple.
  3371 | D:5      | Reached skill level 6 in Maces & Flails
  3738 | D:6      | Found Fasaez's Assorted Antiques.
  4135 | D:6      | Noticed Sigmund
  4147 | D:6      | Killed Sigmund
  4148 | D:6      | Reached skill level 5 in Armour
  4148 | D:6      | Reached XP level 8. HP: 51/51 MP: 8/8
  4201 | D:6      | Found a stormy altar of Qazlal.
  4311 | D:6      | Found a glowing drain.
  4315 | Sewer    | Entered a sewer
  4437 | Sewer    | Reached skill level 7 in Maces & Flails
  4892 | D:6      | Bought a runed copper ring for 130 gold pieces
  4892 | D:6      | Bought a potion of curing for 78 gold pieces
  5045 | D:7      | Noticed Dowan
  5056 | D:7      | Killed Dowan
  5056 | D:7      | Noticed Duvessa
  5064 | D:7      | HP: 1/51 [Duvessa/+0 short sword (5)]
  5065 | D:7      | Slain by Duvessa

Illustrated notes

Levels and vault maps discovered:
D:1:      roderic_dead_forest, layout_basic, minmay_three_crescents
D:2:      layout_loops_corners, basic_altar, ebering_ecumenical_altar_box,
          chequers_garden, minmay_indecisive_spiral
D:3:      layout_loops_ring, dancing_weapons_uskayaw, nicolae_shop_vocational
D:4:      layout_rooms, mainiacjoe_overflow_catwalk, makhleb_heckhound_becter,
          grunt_decor_mini_mirrors, serial_bayou_pond_e
D:5:      layout_basic, temple_green, minmay_holes
D:6:      layout_basic, nicolae_qazlal_scattered_showers,
          gup_sewer_entry_spiral, nicolae_inconvenience_store, uniq_sigmund
D:7:      layout_basic, gammafunk_ghost_grave, uniq_duvessa,
          uniq_crazy_yiuf_cottage

Skill      XL: |  1  2  3  4  5  6  7  8 |
---------------+-------------------------+-----
Fighting       | 4 5 6 |  6.1
Maces & Flails | 4 5 6 7 |  7.2
Dodging        | 2 |  2.4
Armour         | 3 5 |  5.3
Stealth        | |  0.8

Action                   |  1- 3 |  4- 6 |  7- 9 || total
-------------------------+-------+-------+-------++-------
Melee: Mace              |    65 |       |       ||    65
       Flail             |       |   250 |   157 ||   407
       Punch             |       |     2 |     1 ||     3
Invok: Berserk           |     2 |     2 |     3 ||     7
       Trog's Hand       |       |       |     1 ||     1
  Use: Scroll            |     5 |    10 |     5 ||    20
       Potion            |       |       |     2 ||     2
Armor: Animal skin       |    18 |       |       ||    18
       Leather armour    |    17 |     5 |       ||    22
       Chain mail        |       |   147 |       ||   147
       Fire dragon scale |       |    29 |    78 ||   107
Dodge: Dodged            |    45 |   124 |    61 ||   230

Table legend: (Time is in decaauts)
 A = Elapsed time spent in this place.
 B = Non-inter-level travel time spent in this place.
 C = Inter-level travel time spent in this place.
 D = Time resting spent in this place.
 E = Time spent auto-exploring this place.
 F = Levels seen in this place.
 G = Mean time per level.
                   A        B        C        D        E       F      G
               +--------+--------+--------+--------+--------+-----+--------+
         Total |   5287 |   5079 |    208 |     44 |   3745 |   8 |  660.9 |
       Dungeon |   4809 |   4601 |    208 |     44 |   3471 |   7 |  687.0 |
         Sewer |    478 |    478 |      0 |      0 |    274 |   1 |  478.0 |
               +--------+--------+--------+--------+--------+-----+--------+

Top non-repeatable levels by time:
     D:5: 1088 daAuts
     D:6: 1011 daAuts
     D:3: 760 daAuts
     D:1: 728 daAuts
     D:2: 644 daAuts
     D:4: 547 daAuts
   Sewer: 478 daAuts
     D:7: 28 daAuts
